 Dungeon Crawl Stone Soup version 0.25-a0-189-gf71692caf1 (console) character file.

Game seed: 16832738540323668887, levelgen mode: deterministic

83 Kagalorn the Vexing (level 4, -1/21 HPs)
             Began as a Spriggan Enchanter on Nov 29, 2019.
             Killed from afar by Sigmund (13 damage)
             ... with a puff of flame
             ... on level 2 of the Dungeon.
             The game lasted 00:03:48 (1156 turns).

Kagalorn the Vexing (Spriggan Enchanter)            Turns: 1156, Time: 00:03:48

Health: -1/21      AC:  2    Str:  4    XL:     4   Next: 22%
Magic:  5/11       EV: 18    Int: 17    God:
Gold:   96         SH:  0    Dex: 16    Spells: 8/11 levels left

rFire    . . .     SeeInvis +   a - +1 dagger
rCold    . . .     Gourm    .   (shield restricted)
rNeg     . . .     Faith    .   b - +0 robe
rPois    .         Spirit   .   (helmet restricted)
rElec    .         Reflect  .   (no cloak)
rCorr    .         Harm     .   (gloves unavailable)
MR       .....                  (boots unavailable)
Stlth    +++.......             (no amulet)
HPRegen  0.07/turn              (no ring)
MPRegen  0.12/turn              (no ring)

@: very quick
A: very small, unfitting armour, see invisible, herbivore, speed 3, slow
metabolism 2
a: no special abilities


You were on level 2 of the Dungeon.
You were not hungry.

You visited 1 branch of the dungeon, and saw 3 of its levels.

You collected 96 gold pieces.

Inventory:

Hand Weapons
 a - a +1 dagger (weapon)
Missiles
 f - 71 stones (quivered)
 j - 15 bolts
Armour
 b - a +0 robe (worn)
Jewellery
 l - an uncursed ring of magical power {unknown}
Scrolls
 e - 3 scrolls of identify {unknown}
 i - 2 scrolls of remove curse {unknown}
 k - a scroll of enchant armour {unknown}
 m - a scroll of immolation {unknown}
Potions
 c - 2 potions of degeneration {unknown}
 g - a potion of flight {unknown}
 h - 2 potions of mutation {unknown}
 n - a potion of haste {unknown}
 o - a potion of ambrosia {unknown}
Comestibles
 d - 4 rations


   Skills:
 - Level 1.1 Short Blades
 - Level 3.0 Dodging
 - Level 4.4 Stealth
 * Level 4.1 Spellcasting
 - Level 5.1 Hexes
 + Level 0.6 Ice Magic


You had 8 spell levels left.
You knew the following spells:

 Your Spells              Type           Power        Failure   Level  Hunger
a - Ensorcelled Hibernat  Hex/Ice        ##....       8%          2    ##.....
l - Corona                Hex            ###....      1%          1    None

Your spell library contained the following spells:

 Spells                   Type           Power        Failure   Level  Hunger
 Confuse                  Hex            ###.....     6%          3    ###....
 Tukima's Dance           Hex            ###.....     6%          3    ###....
 Dazzling Spray           Conj/Hex       ##....       16%         3    ###....


Dungeon Overview and Level Annotations

Branches:
Dungeon (3/15)

Altars:

Annotations:
D:2 Sigmund


Innate Abilities, Weirdness & Mutations

You are very small and have problems with some larger weapons.
You are too small for most types of armour.
You have supernaturally acute eyesight. (SInv)
You are a herbivore.
You cover ground extremely quickly.
You need to consume almost no food.


Message History

Casting: Ensorcelled Hibernation (safe; 8% risk of failure)
Confirm with . or Enter, or press ? or * to list all spells.
Aiming: Ensorcelled Hibernation (safe; 8% risk of failure)
Press: ? - help, Shift-Dir - straight line, f/p - Sigmund
Aim: Sigmund, wielding a +2 scythe of protection and wearing a +0 robe (heavily wounded, chance to defeat MR: 52%) Sigmund looks drowsy...
The helpless Sigmund fails to defend himself.
You puncture Sigmund!
Sigmund is almost dead.
Sigmund gestures at you while chanting. The puff of flame hits you.
You barely miss Sigmund.
Sigmund is almost dead.
Sigmund hits you with a +2 scythe of protection.
You hit Sigmund but do no damage.
Sigmund is almost dead.
Sigmund gestures at you while chanting. The puff of flame hits you!
Ouch! That really hurt!
You die...

#....##.... ###
#.<.####.#.
..###..## #.##
#.#...######.##
#.#..>.........
#.#..#.........
####..............
##.....###.........
#.@##### #....)....
#@## #......... #..
#......... ....
#......... ...[.
#......... .......
#......... .......
########## #######


You could see Sigmund.

Vanquished Creatures
  A worker ant (D:2)
  2 adders (D:3)
  3 dart slugs (D:1)
  A leopard gecko (D:1)
  An orc (D:3)
  4 bats
  6 goblins
  3 hobgoblins
  A jackal (D:1)
  A ball python (D:2)
  3 frilled lizards (D:1)
  3 kobolds
  4 rats
33 creatures vanquished.

Notes
Turn   | Place    | Note
-------+----------+-------------------------------------------
     0 | D:1      | Kagalorn the Spriggan Enchanter began the quest for the
                  | Orb.
     0 | D:1      | Reached XP level 1. HP: 9/9 MP: 5/5
   163 | D:1      | Reached skill level 4 in Hexes
   185 | D:1      | Reached XP level 2. HP: 9/13 MP: 7/7
   189 | D:1      | Learned a level 2 spell: Ensorcelled Hibernation
   606 | D:2      | Reached XP level 3. HP: 14/16 MP: 3/8
   709 | D:2      | Reached skill level 5 in Hexes
   719 | D:2      | You fall into a shaft and drop 1 floor!
   790 | D:3      | Reached XP level 4. HP: 7/21 MP: 5/10
   873 | D:2      | Noticed Sigmund
  1156 | D:2      | Killed from afar by Sigmund

Levels and vault maps discovered:
D:1:      minmay_arrival_nine_rooms, layout_rooms, minmay_pentomino_z2
D:2:      layout_rooms, elyvilon_altar_4, uniq_sigmund
D:3:      layout_rooms

Skill      XL: |  1  2  3  4 |
---------------+-------------+-----
Hexes          | 4 5 |  5.1
Spellcasting   | 3 4 |  4.1
Short Blades   | |  1.1
Dodging        | |  3.0
Stealth        | |  4.4
Ice Magic      | |  0.6

Action                   |  1- 3 |  4- 6 || total
-------------------------+-------+-------++-------
Melee: Dagger            |    83 |    20 ||   103
 Cast: Ensorcelled Hiber |    14 |     6 ||    20
 Stab: Sleeping          |    12 |     4 ||    16
Armor: Robe              |     9 |       ||     9
Dodge: Dodged            |    67 |    21 ||    88

Table legend:
 A = Non-vault XP
 B = Vault XP
 C = Vault XP percentage of total XP
 D = Non-vault monster count
 E = Vault monster count
 F = Vault count percentage of total count
                 A         B        C        D         E       F
            +---------+---------+-------+---------+---------+-------
      Total |     117 |       2 |   1.7 |      32 |       1 |   3.0
            +---------+---------+-------+---------+---------+-------
        D:1 |      38 |       2 |   5.0 |      20 |       1 |   4.8
        D:2 |      42 |       0 |   0.0 |       5 |       0 |   0.0
        D:3 |      37 |       0 |   0.0 |       7 |       0 |   0.0
            +---------+---------+-------+---------+---------+-------
